 Dungeon Crawl Stone Soup version 0.30-a0-4-ga7cffc901d (webtiles) character file.

Game seed: 7037484638837471730

665 GigaChad the Chopper (level 7, -1/55 HPs)
             Began as a Formicid Fighter on Aug 20, 2022.
             Slain by a gnoll sergeant
             ... wielding a +0 spear
              (7 damage)
             ... on level 5 of the Dungeon.
             The game lasted 00:08:16 (3648 turns).

GigaChad the Chopper (Formicid Fighter)             Turns: 3648, Time: 00:08:17

Health: -1/55      AC:  8    Str: 20    XL:     7   Next: 88%
Magic:  7/7        EV:  9    Int: 10    God:
Gold:   147        SH:  5    Dex: 13    Spells: 6/6 levels left

rFire   . . .      SeeInvis +    q - +0 battleaxe
rCold   . . .      Faith    .    c - +0 buckler
rNeg    . . .      Spirit   .    b - +1 scale mail
rPois   .          Reflect  .    (helmet unavailable)
rElec   .          Harm     .    (no cloak)
rCorr   .          Rampage  .    (no gloves)
Will    +....                    (no boots)
Stlth   ..........               (no amulet)
HPRegen 0.18/turn                r - ring of willpower
MPRegen 0.10/turn                (no ring)

@: no status effects
A: permanent stasis, dig shafts and tunnels, antennae 3, four strong arms
a: Dig, Shaft Self


You were on level 5 of the Dungeon.
You visited 1 branch of the dungeon, and saw 5 of its levels.

You collected 147 gold pieces.

Inventory:

Hand Weapons
 a - a +0 war axe
 l - a +2 mace of protection
 q - a +0 battleaxe (weapon)
 y - a +1 dagger of draining
Armour
 b - a +1 scale mail (worn)
 c - a +0 buckler (worn)
Jewellery
 r - a ring of willpower (left hand)
 u - a ring of poison resistance
 x - a +6 ring of strength
Scrolls
 h - a scroll of teleportation
 m - 2 scrolls of magic mapping
 n - a scroll of brand weapon {unknown}
 o - a scroll of enchant weapon {unknown}
 p - a scroll of amnesia {unknown}
 s - a scroll of poison {unknown}
 w - 2 scrolls of identify
Potions
 d - a potion of might
 e - a potion of attraction {unknown}
 f - 2 potions of resistance {unknown}
 g - a potion of berserk rage {unknown}
 i - a potion of ambrosia {unknown}
 j - a potion of mutation {unknown}
 k - a potion of flight {unknown}
 t - a potion of invisibility {unknown}
 v - 2 potions of heal wounds {unknown}


   Skills:
 + Level 4.6 Fighting
 + Level 5.9 Axes
 + Level 5.0 Armour
 + Level 1.1 Dodging
 + Level 1.4 Stealth
 + Level 5.2 Shields


You had 6 spell levels left.
You didn't know any spells.
Your spell library contained the following spells:

 Spells                   Type           Power      Damage    Failure   Level
 Static Discharge         Conj/Air       0%         3-3/arc   88%         2
 Mephitic Cloud           Conj/Pois/Air  0%         N/A       98%         3


Dungeon Overview and Level Annotations

Branches:
Dungeon (5/15)
 Temple: D:4-7

Altars:
Dithmenos
Qazlal
Uskayaw


Innate Abilities, Weirdness & Mutations

You cannot be hasted, slowed, berserked, paralysed or teleported.
You can dig through walls and to a lower floor.
You have a pair of large antennae on your head. (SInv)
Your four strong arms can wield two-handed weapons with a shield.


Message History

You block the necrophage's attack.
You feel sick. The adder closely misses you. The adder misses you.
The adder attacks as you move away! The adder bites you but does no damage.
You feel sick. The adder bites you but does no damage.
The necrophage hits you but does no damage.
The gnoll sergeant barely misses you. You block the adder's attack.
The adder attacks as you move away! The adder bites you but does no damage.
You feel sick. You block the phantom's attack.
The gnoll sergeant hits you from afar with a +0 spear!
The necrophage barely misses you.
The necrophage attacks as you move away!
The necrophage hits you but does no damage.
You feel sick. The phantom closely misses you.
The adder bites you but does no damage.
You closely miss the orc wizard. You barely miss the adder.
You closely miss the phantom.
You feel sick.
You are no longer poisoned.
The adder bites you but does no damage.
The gnoll sergeant hits you from afar with a +0 spear.
The phantom hits you but does no damage.
The orc wizard casts a spell.
The orc wizard flickers and vanishes for a moment.
The adder bites you but does no damage.
You slash the orc wizard!
The orc wizard is severely wounded.
You closely miss the adder. You slash the phantom!
You block the gnoll sergeant's attack. You block the phantom's attack.
The orc wizard closely misses you. The adder closely misses you.
The phantom hits you.
* * * LOW HITPOINT WARNING * * *
The gnoll sergeant hits you from afar with a +0 spear!
* * * LOW HITPOINT WARNING * * *
The orc wizard hits you but does no damage.
Unknown command.
There are monsters nearby!
You barely miss the adder. You slash the orc wizard!
You kill the orc wizard!
You hit the phantom.
The gnoll sergeant hits you from afar with a +0 spear!
You die...

..$. ...# ..)#
#### #######.#
.... #@Sn....#
...! #SWW....#
#....
#.Jg....#####....>
#....§.§....Jo....
#.....§§..##......
#....§§§..#..#...#
#.....$...#...#...
####........J.g#..
#..........#...


You could see a necrophage, 2 phantoms, a gnoll sergeant, a jelly and 2 adders.

Vanquished Creatures
  Grinder (D:3)
  A black bear (D:4)
  A necrophage (D:5)
  A scorpion (D:4)
  2 hounds (D:4)
  2 orc wizards
  Terence (D:2)
  Robin (D:3)
  6 adders
  A worm (D:4)
  7 dart slugs
  3 orcs (D:4)
  9 endoplasms
  5 giant cockroaches
  14 goblins
  6 hobgoblins
  3 jackals (D:2)
  4 quokkas
  4 ball pythons
  A frilled lizard (D:2)
  5 kobolds
  3 rats
81 creatures vanquished.

Notes
Turn   | Place    | Note
-------+----------+-------------------------------------------
     0 | D:1      | GigaChad the Formicid Fighter began the quest for the Orb.
     0 | D:1      | Reached XP level 1. HP: 18/18 MP: 1/1
   170 | D:1      | Reached XP level 2. HP: 20/24 MP: 2/2
   177 | D:1      | You fall into a shaft and drop 1 floor!
   231 | D:2      | Reached XP level 3. HP: 21/29 MP: 3/3
   335 | D:2      | Noticed Terence
   355 | D:2      | Killed Terence
   356 | D:2      | Reached XP level 4. HP: 14/37 MP: 4/4
  1018 | D:2      | Got the Incunable of the Lungs
  1388 | D:3      | Found a hide-covered altar of Uskayaw.
  1480 | D:3      | Noticed Robin
  1492 | D:3      | Killed Robin
  1493 | D:3      | Reached skill level 1 in Stealth
  1505 | D:3      | Found a stormy altar of Qazlal.
  1687 | D:3      | Noticed Grinder
  1709 | D:3      | Killed Grinder
  1710 | D:3      | Reached XP level 5. HP: 42/42 MP: 5/5
  1710 | D:3      | Reached XP level 6. HP: 48/48 MP: 6/6
  2517 | D:4      | Reached skill level 1 in Dodging
  2517 | D:4      | Reached XP level 7. HP: 29/55 MP: 7/7
  2519 | D:4      | Reached skill level 5 in Axes
  2781 | D:4      | Identified the +0 leather armour of Unambiguity {+Blink}
  2797 | D:4      | Reached skill level 5 in Shields
  3620 | D:5      | Entered Level 5 of the Dungeon
  3624 | D:5      | Found a shadowy altar of Dithmenos.
  3638 | D:5      | Reached skill level 5 in Armour
  3648 | D:5      | Slain by a gnoll sergeant

Illustrated notes

Levels and vault maps discovered:
D:1:      amcnicky_arrival_underground_garden, layout_loops_corners,
          nicolae_ecumenical_snake_handling, minmay_misc_feat_doors
D:2:      layout_basic, uniq_terence
D:3:      layout_basic, mainiacjoe_overflow_catch_the_wave, uniq_grinder,
          uniq_robin
D:4:      layout_basic, minmay_circle_x
D:5:      cheibrodos_fzero, layout_rooms, grunt_dithmenos_smoke

Skill      XL: |  1  2  3  4  5  6  7 |
---------------+----------------------+-----
Axes           | 4 5 |  5.9
Stealth        | 1 |  1.4
Armour         | 4 5 |  5.0
Fighting       | 4 |  4.6
Dodging        | 1 |  1.1
Shields        | 5 |  5.2

Action                   |  1- 3 |  4- 6 |  7- 9 || total
-------------------------+-------+-------+-------++-------
Melee: War axe           |    48 |    35 |       ||    83
       Battleaxe         |       |    50 |    79 ||   129
 Abil: Shaft Self        |     1 |       |       ||     1
  Use: Scroll            |       |     4 |       ||     4
Armor: Scale mail        |    29 |    58 |    54 ||   141
Dodge: Dodged            |    23 |    67 |    59 ||   149
Block: Buckler           |    11 |    24 |    31 ||    66

Table legend: (Time is in decaauts)
 A = Elapsed time spent in this place.
 B = Non-inter-level travel time spent in this place.
 C = Inter-level travel time spent in this place.
 D = Time resting spent in this place.
 E = Time spent auto-exploring this place.
 F = Levels seen in this place.
 G = Mean time per level.
                   A        B        C        D        E       F      G
               +--------+--------+--------+--------+--------+-----+--------+
         Total |   3740 |   3680 |     60 |   1101 |   1041 |   5 |  748.0 |
       Dungeon |   3740 |   3680 |     60 |   1101 |   1041 |   5 |  748.0 |
               +--------+--------+--------+--------+--------+-----+--------+

Top non-repeatable levels by time:
     D:2: 1226 daAuts
     D:4: 1163 daAuts
     D:3: 1139 daAuts
     D:1: 179 daAuts
     D:5: 31 daAuts
